[Event "Rapid Shavuot-A 2023"]
[Site "Ramat Gan"]
[Date "2023.05.25"]
[Round "1.10"]
[White "Kochavi, Ori"]
[Black "Adar, Idan"]
[Result "1/2-1/2"]
[ECO "A65"]
[WhiteElo "2423"]
[BlackElo "2085"]
[Annotator "TA"]
[PlyCount "55"]
[EventDate "2023.05.19"]
[EventType "swiss"]
[EventCountry "ISR"]
[SourceTitle "playchess.com"]
[Source "ChessBase"]
[SourceQuality "1"]
[TimeControl "900+5"]

1. d4 Nf6 2. c4 g6 3. Nc3 Bg7 4. e4 d6 5. f3 O-O 6. Be3 c5 7. d5 e6 8. Qd2 exd5 9. cxd5 (9. Nxd5 Nxd5 10. cxd5 f5 $15) 9... Ne8 {[%emt 0:00:43] A65: Modern Benoni: 6 e4.} 10. Nge2 {[%emt 0:00:42] [#]} f5 $146 ({Predecessor:} 10... a6 11. a4 Nd7 12. Ng3 Ne5 13. Be2 h5 14. O-O Kh7 15. h3 Rb8 16. f4 Nd7 17. Bd3 {1-0 Leon Acevedo,J (1799)-Valencia Quinchia,I (1416) Medellin Feria de las Flores op 2022 (2)}) 11. Nf4 ({Much weaker is} 11. Bg5 Qb6 $11) 11... Nc7 {[%emt 0:00:52] Repels Ne6. White has an edge.} 12. a4 (12. exf5 $14 Bxf5 13. O-O-O) 12... Nd7 (12... fxe4 $11 13. Nxe4 Bf5) 13. exf5 {[%emt 0:00:54] White is more active.} (13. Ne6 $16 Nxe6 14. dxe6) 13... Rxf5 $11 14. Bd3 Re5 15. Be4 Nf6 16. O-O Qe8 17. Rae1 Bd7 {[%emt 0:00:46] [#]} (17... b5 $11) 18. Nd3 $1 $16 Re7 {[%emt 0:00:01] [#]} (18... Nxe4 $16 19. fxe4 Rxe4) 19. Bf4 $1 $18 Nxe4 20. Nxe4 Bd4+ (20... Nxd5 {might work better.} 21. Bxd6 c4) 21. Kh1 Nxd5 22. Bxd6 Re6 $2 (22... b6 23. Ndxc5 bxc5) 23. Ndxc5 {[%emt 0:00:27] White is clearly winning.} ({Stronger than} 23. Nexc5 Be3 24. Rxe3 Nxe3 $17) 23... Bxc5 24. Qxd5 Bxd6 25. Nf6+ Kf7 26. Nxe8 Raxe8 27. Rxe6 Rxe6 28. Re1 {[%emt 0:00:08][%mdl 32768] Weighted Error Value: White=0.15 (very precise) /Black=0.55. An unexpected result.} 1/2-1/2

[Event "Rapid Shavuot-A 2023"]
[Site "Ramat Gan"]
[Date "2023.05.25"]
[Round "1.11"]
[White "Duchan, Yoav"]
[Black "Aizenberg, Benny"]
[Result "1/2-1/2"]
[ECO "B99"]
[WhiteElo "1906"]
[BlackElo "2403"]
[Annotator "TA"]
[PlyCount "26"]
[EventDate "2023.05.19"]
[EventType "swiss"]
[EventCountry "ISR"]
[SourceTitle "playchess.com"]
[Source "ChessBase"]
[SourceQuality "1"]
[TimeControl "900+5"]

1. e4 c5 2. Nf3 d6 3. d4 cxd4 4. Nxd4 Nf6 5. Nc3 a6 6. Bg5 e6 7. f4 Be7 8. Qf3 Qc7 9. O-O-O Nbd7 10. g4 b6 {[%emt 0:00:02] [#] B99: Sicilian Najdorf: 6 Bg5 e6 7 f4 Be7 8 Qf3 Qc7 9 0-0-0 Nbd7.} (10... b5 $11 {keeps the balance.}) 11. Bxf6 $1 $16 Nxf6 12. g5 {[%emt 0:00:01] [#] White is more active.} b5 $146 ({Predecessor:} 12... Nd7 13. h4 Bb7 14. Bg2 Rc8 15. h5 b5 16. a3 d5 17. exd5 Bxa3 18. bxa3 Qxc3 19. Qxc3 Rxc3 20. dxe6 Bxg2 21. exf7+ {1-0 Wankhade,S (1331)-Wu,R Wch U08 Girls 2014 (2)}) 13. f5 Nd7 {[%emt 0:00:02][%mdl 32768] Black got outplayed after the opening.   Weighted Error Value: White=0.48/Black=2.10. An unexpected result.} 1/2-1/2

[Event "Rapid Shavuot-A 2023"]
[Site "Ramat Gan"]
[Date "2023.05.25"]
[Round "1.12"]
[White "Iliaguev, Nisim"]
[Black "Hasson Shreger, Shalev"]
[Result "1/2-1/2"]
[ECO "A22"]
[WhiteElo "2402"]
[BlackElo "1899"]
[Annotator "TA"]
[PlyCount "91"]
[EventDate "2023.05.19"]
[EventType "swiss"]
[EventCountry "ISR"]
[SourceTitle "playchess.com"]
[Source "ChessBase"]
[SourceQuality "1"]
[TimeControl "900+5"]

1. c4 e5 2. g3 Nf6 3. Bg2 c6 4. Nc3 Bb4 5. d3 O-O 6. a3 {[%emt 0:00:16] A22: English Opening: 1...e5 2 Nc3 Nf6.} (6. Nf3 $5 ) 6... Bxc3+ 7. bxc3 Re8 {[%emt 0:00:15] [#]} 8. Nf3 $146 {[%emt 0:00:43] Black has an edge.} ({Predecessor:} 8. Bg5 h6 9. Bxf6 Qxf6 10. e4 d5 11. cxd5 cxd5 12. Qf3 Qg6 13. Ne2 Bg4 14. Qe3 {1-0 Tokmantsev,I (1918)-Maslo,S (1687) Rubinstein Memorial-C 55th 2019 (6)}) 8... e4 9. dxe4 Nxe4 10. Qc2 d6 11. O-O Na6 (11... Nd7 $15 {is superior.}) 12. Nd4 Nac5 13. f3 Nf6 14. e4 d5 (14... Nfd7 $5 ) 15. cxd5 cxd5 16. Bg5 Ne6 (16... Re5 $5 17. Bf4 Re8 $14) 17. Nxe6 Rxe6 18. Rad1 (18. Rfd1 {simplifies} h6 19. Bxf6 Qxf6 20. Rxd5 Rb6 21. f4) 18... Qb6+ 19. Qf2 {[%emt 0:00:59] White is more active.} Bd7 20. exd5 ({White should play} 20. c4 $1 $16) 20... Re2 $14 {[%emt 0:00:00][%mdl 64] Pin} 21. Qd4 (21. Qxb6 $14 axb6 22. c4) 21... Qb2 22. Rd2 Rxd2 23. Bxd2 Qxa3 24. c4 Rc8 25. Rc1 b6 (25... a5 $14) 26. h3 (26. Kf2 $16) 26... h6 27. Kh2 Qa4 {[%emt 0:00:00] [#]} (27... Re8 $11 {keeps the balance.}) 28. Be3 (28. Bxh6 $1 $16 {[%cal Oh3h4] h4! would be deadly.} Re8 29. Bf4) 28... Qb4 29. Bxh6 {[%emt 0:00:28][%mdl 64] Deflection} b5 {[%emt 0:00:14] [#]} 30. Bg5 (30. Bd2 $1 $16 Rxc4 31. Rxc4 (31. Qxa7 $2 {too greedy.} Qxd2 32. Qb8+ Kh7 $19) 31... Qxc4 32. Qxc4 (32. Qxa7 Qxd5 33. Qb8+ Ne8 $11) 32... bxc4 33. f4) 30... Rxc4 $11 31. Rxc4 Qxc4 32. Qxa7 {[%emt 0:00:25] aiming for Bxf6.} Qxd5 33. Qb8+ Kh7 34. Qf4 Qf5 35. Qh4+ (35. Qxf5+ {simplifies} Bxf5 36. g4 Be6 37. Bd2) 35... Kg8 36. Be3 Qe6 37. Bd4 Qd6 38. Bc3 Nd5 39. Bd2 (39. Qd4 $5 f6 $8 40. Bb4 $11) 39... b4 40. Qd8+ Kh7 41. f4 Nc3 {[%emt 0:00:05] Repels Be4+} (41... Nf6 $5 42. Be1 $8 b3 $11) 42. Be3 b3 {[%emt 0:00:12] Threatens to win with ...b2.} 43. Qh4+ $2 ({White has to play} 43. Bc1 $11 Na2 44. Bb2 (44. Be4+ g6 $11)) 43... Kg8 $2 (43... Qh6 $17 {And now ...Qxh4 would win.} 44. Qxh6+ Kxh6) 44. Qd8+ Kh7 $2 (44... Qf8 $11 45. Qxd7 b2) 45. Qh4+ $17 Kg8 $2 ({Black should try} 45... Qh6 $17 46. Qxh6+ Kxh6) 46. Qd8+ {[%emt 0:00:13] Weighted Error Value: White=0.22 (precise) /Black=0.25 (precise)} 1/2-1/2

[Event "Rapid Shavuot-A 2023"]
[Site "Ramat Gan"]
[Date "2023.05.25"]
[Round "1.13"]
[White "Meirovich, Ilay"]
[Black "Rozen, Eytan"]
[Result "0-1"]
[ECO "B45"]
[WhiteElo "1872"]
[BlackElo "2417"]
[Annotator "TA"]
[PlyCount "144"]
[EventDate "2023.05.19"]
[EventType "swiss"]
[EventCountry "ISR"]
[SourceTitle "playchess.com"]
[Source "ChessBase"]
[SourceQuality "1"]
[TimeControl "900+5"]

1. e4 c5 2. Nf3 e6 3. d4 cxd4 4. Nxd4 Nf6 5. Nc3 Nc6 6. g3 d5 7. Bg2 Bc5 {[%emt 0:00:27] B45: Sicilian Four Knights.} 8. Nb3 Bb4 9. O-O Bxc3 {[%emt 0:00:06] The position is equal.} 10. bxc3 {[%emt 0:00:05] exd5 is the strong threat.} O-O 11. Bg5 h6 12. exd5 (12. Bxf6 {is more complex.} Qxf6 13. exd5 exd5 14. Qxd5 Qxc3 15. Qc5) 12... exd5 13. Bxf6 Qxf6 14. Bxd5 {[%emt 0:00:23] [#]} Rd8 $146 ({Predecessor:} 14... Qxc3 15. Qf3 Qxc2 16. Rfc1 Qf5 17. Bxc6 bxc6 18. Qxf5 Bxf5 19. Rxc6 Rfc8 {½-½ Fabry,R (2255)-Rzeszoto,R Tatry op Tatranska Lomnica 1997 (1)}) 15. Qf3 Bf5 16. Bxc6 bxc6 17. Nd4 Bh3 {[%emt 0:00:17] Strongly threatening ...Qxf3.} 18. Qxf6 gxf6 19. Rfd1 c5 20. Nc6 Re8 21. Re1 Kg7 22. f4 Rec8 23. Na5 c4 24. Re4 Be6 $1 25. Rb1 $36 {[%emt 0:00:54][%mdl 2048] White has good play.} Rc5 $1 26. Nb7 Rc6 (26... Rd5 $11) 27. Na5 ({White should try} 27. Rd4 $14) 27... Rb6 28. Rb4 (28. Rxb6 {simplifies} axb6 29. Nxc4 Bxc4 30. Rxc4 Rxa2 31. Rb4) 28... Rc8 29. a3 (29. Nxc4 $2 Rxb4 30. cxb4 Bxc4 $19) (29. a4 $14) 29... Rc5 (29... Ra6 $11 30. Nxc4 f5) 30. Nb7 (30. Nxc4 Rxb4 31. cxb4 Rxc4 32. Rxc4 Bxc4 $15) 30... Rc7 (30... Rcb5 $14 31. Rxb5 Rxb5) 31. Rxb6 $16 axb6 {[%emt 0:00:05][%mdl 4096] Endgame KRB-KRN} 32. Nd6 Rc5 33. Kf2 Kf8 34. Ke3 (34. f5 $142 Bxf5 35. Rxc4) 34... Ke7 35. f5 ({Better is} 35. Rd4 $1 $16) 35... Kxd6 $11 36. fxe6 fxe6 {[%emt 0:00:05] KR-KR} 37. Rd4+ Ke7 38. Rh4 h5 39. Kd4 {[%emt 0:00:05] Repels b5} Kf7 40. a4 e5+ 41. Ke3 (41. Ke4 $11) 41... Kg6 $17 {[%emt 0:00:05] Hoping for ...f5.} 42. g4 {[%emt 0:00:05] [#]} hxg4 (42... Kg5 $1 $17 43. Rxh5+ Kxg4) 43. Rxg4+ $11 Kf5 44. Rg7 (44. h3 $11 {and White stays safe.}) 44... Ra5 $19 45. Rb7 $2 (45. h4 Rxa4 46. h5) 45... Rxa4 46. Rxb6 Ra2 47. Rb4 Rxc2 48. Rxc4 Rxh2 {[%emt 0:00:05] White must now prevent ...Rh3+.} 49. Rc8 Ke6 $2 (49... Rh3+ $19 {and Black stays clearly on top.} 50. Kd2 Ke4) 50. c4 $2 (50. Rc6+ $17 Kf5 51. c4) 50... f5 51. c5 $2 (51. Rc6+ Ke7 52. c5) 51... f4+ 52. Kf3 Rh3+ 53. Ke2 e4 {[%emt 0:00:05] aiming for ...Rh2+.} 54. c6 Rh2+ 55. Kf1 e3 $2 (55... Kd6 $19 {( -> ...e3)} 56. Rd8+ Kxc6) 56. Rf8 $11 Rf2+ 57. Ke1 {[%emt 0:00:05] White threatens c7 and mate.} Kd6 58. Rf6+ Kc7 59. Re6 $1 Rc2 60. Rf6 (60. Re4 $1 $11) 60... Rc4 {[%emt 0:00:05] Black is more active.} (60... Rxc6 $6 61. Rxf4 Kd6 62. Rf6+ Kd7 63. Rxc6 Kxc6 64. Kf1 $11) (60... Rf2 $6 61. Re6 $11) 61. Ke2 Kd8 (61... Rxc6 $6 62. Rxf4 Kd6 63. Kxe3 $11) (61... Rc2+ $2 62. Kf1 Rc4 63. Kg2 $19) (61... Rd4 $17 62. Ke1 Re4) 62. Kf3 {[%emt 0:00:05] [#]} (62. Rf7 $2 Ke8 63. Rf5 Ke7 $19) (62. Rf5 $11 {keeps the balance.}) 62... Ke7 ({Wrong is} 62... Kc7 $2 63. Rg6 $19) (62... Re4 $1 $17 {Threatens to win with ...e2.} 63. Ke2 (63. Kxe4 $2 {is the wrong capture.} e2 $19) 63... Kc7) 63. Rf5 Ke6 64. Rf8 $1 Ke5 65. Rf7 Rc2 66. Re7+ $2 (66. c7 $11) 66... Kd6 {[%emt 0:00:05] Black mates.} 67. Rf7 Rf2+ ({Inferior is} 67... Kxc6 68. Rxf4 Rc3 69. Rf5 $11) 68. Ke4 Kxc6 69. Kd3 e2 70. Kd2 f3 71. Re7 Rf1 72. Re3 Rd1+ {[%emt 0:00:05] Weighted Error Value: White=0.65/Black=0.30} 0-1

[Event "Rapid Shavuot-A 2023"]
[Site "Ramat Gan"]
[Date "2023.05.25"]
[Round "1.15"]
[White "Shilon Rahav, Eliran"]
[Black "Levitan, Tal"]
[Result "0-1"]
[ECO "C84"]
[WhiteElo "1840"]
[BlackElo "2328"]
[Annotator "TA"]
[PlyCount "42"]
[EventDate "2023.05.19"]
[EventType "swiss"]
[EventCountry "ISR"]
[SourceTitle "playchess.com"]
[Source "ChessBase"]
[SourceQuality "1"]
[TimeControl "900+5"]

1. e4 e5 2. Nf3 Nc6 3. Bb5 a6 4. Ba4 Nf6 5. O-O b5 6. Bb3 Be7 {[%emt 0:00:07] 6...Bc5 deserves study.} 7. d4 exd4 {[#] C84: Closed Ruy Lopez: Unusual White 6th moves.} (7... d6 $11) 8. Nxd4 $2 (8. e5 $1 $16 Ng4 9. Re1) 8... O-O {[%emt 0:00:12] [#]} (8... Nxd4 $17 9. Qxd4 c5) 9. Nxc6 $146 ({Predecessor:} 9. Nf5 d6 10. Nxe7+ Qxe7 11. Re1 Na5 12. Nc3 Nxb3 13. axb3 Bb7 14. Bg5 Rfe8 15. Qf3 {0-1 Ortiz Roche,J-Morenilla Rocher,C Autonomico-chT 2003}) 9... dxc6 {[%emt 0:03:08] The position is equal.} 10. e5 Nd5 11. Nc3 Be6 12. Bd2 Nxc3 13. Bxc3 c5 {[%emt 0:00:00] ...c4 would be deadly.} 14. Bxe6 fxe6 15. a3 c4 16. Qe2 (16. Qg4 {is interesting.} Qd5 17. Rfd1 Qc6 18. Bb4) 16... c5 17. Rad1 Qc7 18. f4 b4 {[%emt 0:00:00] [#]} (18... Rfd8 $11) 19. axb4 ({White should play} 19. Qxc4 $1 $16 Qc8 20. Be1 (20. axb4 cxb4 21. Qxc8 Raxc8 $11)) 19... cxb4 $11 20. Be1 (20. Bd4 $11 {remains equal.}) 20... Bc5+ (20... a5 $17) 21. Bf2 $2 (21. Kh1 $11 {and White stays safe.}) 21... Rab8 $2 {[%emt 0:00:00][%mdl 32768] Weighted Error Value: White=0.66/Black=0.51. Loss on time!?} (21... Rxf4 $19 22. Bxc5 Qxc5+ 23. Kh1 Rxf1+ 24. Rxf1 Rf8 25. Rxf8+ Kxf8 26. Qf3+ Kg8) 0-1

[Event "Rapid Shavuot-A 2023"]
[Site "Ramat Gan"]
[Date "2023.05.25"]
[Round "1.16"]
[White "Zemach, Nadav"]
[Black "Michaeli, Omri"]
[Result "1-0"]
[ECO "E00"]
[WhiteElo "2383"]
[BlackElo "1874"]
[Annotator "TA"]
[PlyCount "51"]
[EventDate "2023.05.19"]
[EventType "swiss"]
[EventCountry "ISR"]
[SourceTitle "playchess.com"]
[Source "ChessBase"]
[SourceQuality "1"]
[TimeControl "900+5"]

1. d4 Nf6 2. c4 e6 3. g3 Bb4+ 4. Nd2 c5 5. a3 Bxd2+ 6. Qxd2 cxd4 7. Nf3 b6 8. Bg2 {[%emt 0:00:06] E00: Catalan Bogo-Indian (3 g3 Bb4+).} Bb7 9. Qxd4 Nc6 10. Qf4 {[%emt 0:00:01] The position is equal.} O-O 11. O-O d5 12. b4 Ne7 {[%emt 0:01:16] [#]} 13. Ne5 $146 ({Predecessor:} 13. Rd1 Rc8 14. Ne5 Qc7 15. Bb2 dxc4 16. Bxb7 Qxb7 17. Nxc4 Qe4 18. Qxe4 Nxe4 19. Rac1 {1-0 Oparin,G (2652)-Martinez Alcantara,J (2620) Speed Chess Super Swiss KO blitz 2020 (2.4)}) 13... Ng6 14. Nxg6 hxg6 15. Bb2 Qe7 16. Rfd1 Rfd8 17. Rac1 dxc4 18. Bxb7 Qxb7 {[%emt 0:00:21] Black is weak on the dark squares} 19. Bxf6 gxf6 20. Qxf6 Rxd1+ (20... Rd5 $11) 21. Rxd1 $11 {[%emt 0:00:02] And now Rd4 would win. KQR-KQR} Qe4 {[%emt 0:01:04] [#]} 22. Rd4 $1 {[%emt 0:00:50] Inhibits b5. White is more active.} ({Don't play} 22. Rd7 $6 Qb1+ 23. Kg2 Qe4+ 24. Kg1 Qb1+ 25. Kg2 Qe4+ 26. Kg1 $11) 22... Qxe2 {[%emt 0:02:05][%mdl 8192] Loses the game.} (22... Qf5 $16 23. Qxf5 exf5) 23. Rh4 $18 Qd1+ 24. Kg2 Qd5+ 25. f3 Qd2+ 26. Kh3 {[%emt 0:00:01] Weighted Error Value: White=0.05 (flawless) /Black=0.48} 1-0

[Event "Rapid Shavuot-A 2023"]
[Site "Ramat Gan"]
[Date "2023.05.25"]
[Round "1.17"]
[White "Shefer, Uri"]
[Black "Zemach, Roee"]
[Result "0-1"]
[ECO "E04"]
[WhiteElo "1881"]
[BlackElo "2261"]
[Annotator "TA"]
[PlyCount "50"]
[EventDate "2023.05.19"]
[EventType "swiss"]
[EventCountry "ISR"]
[SourceTitle "playchess.com"]
[Source "ChessBase"]
[SourceQuality "1"]
[TimeControl "900+5"]

1. d4 Nf6 2. c4 e6 3. Nf3 d5 4. g3 dxc4 5. Bg2 Nc6 6. O-O Rb8 7. a4 b6 $1 8. Ne5 {[%emt 0:00:05] E04: Open Catalan: 5 Nf3.} Nxe5 ({Don't take} 8... Nxd4 9. Bc6+ Nxc6 10. Nxc6 Qxd1 11. Rxd1 $16) 9. dxe5 Nd7 {[%emt 0:00:05] [#]} ({Black should try} 9... Qxd1 $11 10. Rxd1 Nd5) 10. Bc6 $146 (10. Qd4 $14) ({Predecessor:} 10. Qd4 c5 11. Qc3 a6 12. Rd1 b5 13. axb5 axb5 14. Ra7 Qb6 15. Qa5 Qxa5 16. Rxa5 {1-0 Henk,M-Otte,H GER-ch29 V10 corr 1999}) 10... Bc5 11. Nd2 c3 12. bxc3 O-O 13. Nf3 Qe7 14. Bg5 (14. a5 {simplifies} f6 15. axb6 Rxb6 16. Bxd7 Qxd7 17. Qxd7 Bxd7 18. exf6 gxf6 19. Ba3) 14... f6 15. exf6 Nxf6 16. Qc2 (16. Ne5 {simplifies} Qd6 17. Qxd6 Bxd6 18. Nc4) 16... e5 17. Rad1 (17. Be4 $5 ) 17... Bh3 18. Rfe1 $2 {[%emt 0:00:05][%mdl 8192] [#]} (18. Be4 $1 $11) 18... Bxf2+ $1 $19 {[%emt 0:00:05][%mdl 576] Decoy, Clearance} 19. Kxf2 {[%emt 0:00:05] Qb3+ is the strong threat.} Qc5+ 20. e3 (20. Rd4 $142 exd4 21. Qb3+ Kh8 22. Qb5 dxc3+ 23. Qxc5 bxc5 24. Rc1) 20... Qxc6 21. Qb3+ Kh8 {[%emt 0:00:05] Hoping for ...Ne4+.} 22. Bxf6 Qxf6 23. Qd5 Bg4 24. Rd2 Bxf3 25. Qc4 Bd5+ {[%emt 0:00:05] Excellently played by Zemach!   Weighted Error Value: White=0.97/Black=0.11 (very precise)} 0-1

[Event "Rapid Shavuot-A 2023"]
[Site "Ramat Gan"]
[Date "2023.05.25"]
[Round "1.18"]
[White "Ehrlich, Roy"]
[Black "Azoulay, Yehonatan"]
[Result "1-0"]
[ECO "B27"]
[WhiteElo "2228"]
[BlackElo "1813"]
[Annotator "TA"]
[PlyCount "90"]
[EventDate "2023.05.19"]
[EventType "swiss"]
[EventCountry "ISR"]
[SourceTitle "playchess.com"]
[Source "ChessBase"]
[SourceQuality "1"]
[TimeControl "900+5"]

1. e4 c5 2. Nf3 g6 3. d4 cxd4 4. c3 Nf6 5. e5 Nd5 6. Qxd4 {[%emt 0:01:00] B27: Sicilian: 2 Nf3, unusual Black 2nd moves.} e6 7. Bc4 Nc6 8. Qe4 {[%emt 0:00:11] White is slightly better.} Nb6 (8... d6 $14) 9. Bb3 $16 Bg7 {[%emt 0:00:00] [#]} 10. h4 $146 (10. Na3 $16) ({Predecessor:} 10. O-O d5 11. exd6 Qxd6 12. Na3 O-O 13. Nb5 Qc5 14. a4 Na5 15. Ba2 Qc6 16. Qh4 {½-½ Frostick,C (2108)-Casey,E (1954) BCF-chT2 1920 (4NCL) online 2020 (7.82)}) 10... h6 (10... d6 $14) 11. Bf4 a5 12. a4 $1 O-O 13. h5 (13. Nbd2 $18) 13... d5 $1 $14 14. exd6 f5 (14... g5 $1 $14) 15. Qe2 $16 (15. Bxe6+ $2 Kh8 16. Qc2 Qe8 $17) 15... g5 16. Be3 (16. Bxe6+ Kh8 17. Bxc8 Nxc8 $17) (16. Bh2 $142 $1) 16... Nd5 17. Na3 {[%emt 0:02:14] [#]} ({White should try} 17. Bd2 $16) 17... Nxc3 $1 $15 18. bxc3 (18. Qc4 Nd5) 18... Bxc3+ (18... Qxd6 $2 19. Nb5 Qe7 20. O-O-O $18) 19. Nd2 $1 ({Not} 19. Bd2 $2 Bxa1 20. Nb5 (20. Bxe6+ $2 {too greedy.} Kh7 $19) 20... Bg7 $17) 19... Bxa1 20. Nb5 Bf6 (20... Bg7 $15 21. O-O Kh8) 21. Nc4 Bd7 22. Nb6 $36 {[%emt 0:00:11][%mdl 2048] Nc7 is the strong threat. White is more active. Excellent horsemanship.} Rc8 {[%emt 0:00:21] [#]} 23. Bc5 {[%emt 0:01:01] White has more active pieces.} (23. O-O $142 $1) 23... Re8 {[%emt 0:00:20] [#]} 24. Nxc8 ({Better is} 24. O-O $1 $18) 24... Qxc8 $16 25. Nc7 Bc3+ 26. Kf1 Nd4 $2 {[%emt 0:00:05] Black cannot hold the game after this.} (26... Bd4 $16 27. Nxe8 Qxe8) 27. Bxd4 $18 Bxd4 28. Nxe8 Qxe8 29. Qd3 Bg7 (29... Ba7 30. Qxf5 Qf7 31. Qxf7+ (31. Qxa5 $2 Qxf2#) 31... Kxf7) 30. Qxf5 Qc8 31. Qc2 {[%emt 0:00:12] Wards off Qc1+} (31. Qxa5 $142 Qc1+ 32. Qe1 Qxe1+ 33. Kxe1) 31... Qa8 $2 (31... Qxc2 32. Bxc2 Bd4) 32. Rh3 Qa6+ 33. Rd3 b5 34. Qc7 {[%emt 0:00:53] White threatens Qd8+ and mate.} bxa4 35. Bc4 Qc6 36. Qxc6 (36. Bxe6+ $142 Kh7 37. Bxd7 Qe4 38. Rd1 Kg8 39. Qc8+ Bf8 40. Be6+ Kg7 41. Qe8) 36... Bxc6 {[%emt 0:00:01][%mdl 4096] Endgame KRB-KB} 37. d7 Bf6 38. Bxe6+ Kf8 39. d8=Q+ Bxd8 40. Rxd8+ Ke7 41. Rc8 Bb7 42. Rc7+ {[%emt 0:00:01] White mates.} Kxe6 43. Rxb7 a3 44. Rb3 a2 45. Ra3 Kd6 {[%emt 0:00:00] Weighted Error Value: White=0.44/Black=0.90} 1-0

[Event "Rapid Shavuot-A 2023"]
[Site "Ramat Gan"]
[Date "2023.05.25"]
[Round "2.1"]
[White "Zemach, Roee"]
[Black "Parkhov, Yair"]
[Result "1-0"]
[ECO "B06"]
[WhiteElo "2261"]
[BlackElo "2505"]
[Annotator "TA"]
[PlyCount "91"]
[EventDate "2023.05.19"]
[EventType "swiss"]
[EventCountry "ISR"]
[SourceTitle "playchess.com"]
[Source "ChessBase"]
[SourceQuality "1"]
[TimeControl "900+5"]

1. e4 g6 2. d4 Bg7 3. Nc3 d6 4. Be3 a6 5. g4 h6 6. Bg2 {[%emt 0:00:18] White is more active. B06: Modern Defence.} Nd7 (6... e5 $14) 7. h4 (7. f4 $16) 7... e6 {[%emt 0:00:08] [#]} (7... c5 $11) 8. g5 $146 (8. h5 $16) ({Predecessor:} 8. Qe2 Ne7 9. f4 b5 10. f5 e5 11. O-O-O exd4 12. Bxd4 Bxd4 13. Rxd4 Nc6 14. Rd1 {½-½ Sidiropoulos,V (1815)-Dallis,I (1524) GRE-ch U20 Trikala 2022 (3)}) 8... h5 $14 9. Nge2 Ne7 10. Ng3 Nb6 11. Qe2 d5 12. O-O-O Bd7 13. exd5 (13. b3 $14) 13... Nbxd5 ({Black should play} 13... exd5 $11 14. b3 O-O) 14. Nxd5 exd5 15. Bf4 Bg4 16. Bf3 Bxf3 17. Qxf3 Qd7 18. Be5 Bxe5 19. dxe5 Qe6 20. Qf6 O-O-O 21. f4 Rhe8 22. f5 Nxf5 23. Nxf5 Qxf5 (23... Qxf6 $15 24. exf6 gxf5) 24. Qxf5+ $11 gxf5 {[%emt 0:00:02][%mdl 4096] Endgame KRR-KRR} 25. Rde1 Kd7 (25... d4 $11) 26. Rhf1 $16 {[%emt 0:00:03] White stays focused until the end.} Ke6 27. Rf2 Re7 28. Ref1 Kxe5 29. Rxf5+ Kd6 30. Rxf7 Rde8 (30... Re4 $16) 31. Rxe7 Rxe7 $18 {[%emt 0:00:02] KR-KR} 32. Rf6+ Re6 $2 (32... Ke5 33. Rh6 Kf5) 33. Rh6 (33. Rxe6+ $142 Kxe6 34. b4) 33... Ke5 34. Rxh5 {[%emt 0:00:13] [#] aiming for Rh6.} Re7 $2 (34... Kf5 35. Kd2 Re4) 35. Rh6 Kf5 36. g6 Kf6 37. h5 d4 (37... c6 $142 38. Rh8 a5) 38. Kd2 c5 39. Rh8 {[%emt 0:01:48] [#] Strongly threatening Rh7.} b5 (39... c4 $142 40. b3 b5 41. bxc4 bxc4 42. Rf8+ Kg7) 40. Rg8 {[%emt 0:00:15] h6 is the strong threat.} Re5 $2 (40... Kg5 41. Rh8 (41. g7 c4 $16) 41... Kf6) 41. h6 {[%emt 0:00:06] White wants to mate with g7. White is clearly winning.} Rh5 42. h7 Rh2+ 43. Kd3 Rh3+ 44. Ke2 Rh2+ 45. Kf3 Rh3+ 46. Kg2 {[%emt 0:00:02] Weighted Error Value: White=0.51/Black=0.32} 1-0